Cogmind - Beta 14 @@@ ROGUE MODE // 2024.10.13 @ 20:31:33 Player: APerTAS Result: Destroyed by L-41 Fighter with Axe Performance ------------- Evolutions (4) 2000 Regions Visited (8) 1600 Robots Destroyed (36) 180 Value Destroyed (1224) 1224 Prototype IDs (26) 520 Alien Tech Used (0) 0 Bonus (1051) 1051 TOTAL SCORE: 6575 Bonus ------- High Alert Combat Kills 11 Follower Combat Kills 40 Entered Garrisons 200 Used RIF Installer 500 Aligned with FarCom 300 Cogmind --------- Core Integrity 0/850 Matter 300/300 Energy 100/100 System Corruption 2% Temperature Cool (0) Movement Core (50) Location -6/Garrison Parts ------- > --- POWER (2) -------- (None) > --- PROPULSION (4) --- (None) > --- UTILITY (7) ------ Melee Analysis Suite Melee Analysis Suite Hacking Suite > --- WEAPON (2) ------- (None) > --- INVENTORY (5) ---- Advanced Weight Redist. System Improved Signal Interpreter Microactuators Great Axe Peak State ------------ > --- POWER ------------ Micro Nuclear Core Micro Nuclear Core > --- PROPULSION ------- Flying Fortress v7 > --- UTILITY ---------- Advanced Heat Sink Small Storage Unit Melee Analysis Suite Melee Analysis Suite Melee Analysis Suite Improved Light Armor Plating Hacking Suite > --- WEAPON ----------- Proton Missile Launcher Great Axe > --- INVENTORY -------- Light Nuclear Core Cesium-ion Thruster Advanced Weight Redist. System Improved Signal Interpreter Microactuators Improved Light Armor Plating Spread Laser Katana [Rating: 71] Favorites ----------- Power Ion Engine Engine Ion Engine Power Core Micro Nuclear Core Propulsion Light Treads Treads Light Treads Leg Aluminum Leg Flight Unit Flying Fortress v7 Utility Melee Analysis Suite Device Advanced Heat Sink Storage Small Storage Unit Processor Melee Analysis Suite Hackware Hacking Suite Protection Improved Light Armor Plating Weapon Light Assault Rifle Energy Gun Small Laser Ballistic Gun Light Assault Rifle Ballistic Cannon Light Cannon Launcher Proton Missile Launcher Slashing Weapon Great Axe Build | -11 -10 -10 -10 -9 -8 -7 -6 -6 ------- Run | Yrd Mat Min Exi Min Mat Fac Fac Gar Slots Evolved 8 | . . . . . 4 2 2 . Power 1 | . . . . . . 1 . . Propulsion 2 | . . . . . 2 . . . Utility 5 | . . . . . 2 1 2 . Weapon . | . . . . . . . . . Parts Attached 48 | 6 13 . . 1 12 7 2 7 Power 7 | 1 1 . . . 1 3 . 1 Engine 2 | 1 1 . . . . . . . Core 5 | . . . . . 1 3 . 1 Reactor . | . . . . . . . . . Propulsion 10 | 2 4 . . . 1 . . 3 Treads 4 | 2 2 . . . . . . . Leg 2 | . 2 . . . . . . . Wheel . | . . . . . . . . . Hover . | . . . . . . . . . Flight 4 | . . . . . 1 . . 3 Utility 16 | 1 2 . . . 8 2 2 1 Device 3 | . . . . . 1 2 . . Storage 3 | 1 1 . . . 1 . . . Processor 5 | . 1 . . . 2 . 2 . Hackware 1 | . . . . . 1 . . . Protection 4 | . . . . . 3 . . 1 Artifact . | . . . . . . . . . Weapon 15 | 2 6 . . 1 2 2 . 2 Energy Gun 3 | 2 . . . . . . . 1 Energy Cannon . | . . . . . . . . . Ballistic Gun 7 | . 5 . . 1 1 . . . Ballistic Cannon 1 | . 1 . . . . . . . Launcher 2 | . . . . . . 2 . . Special Weapon . | . . . . . . . . . Impact Weapon . | . . . . . . . . . Slashing Weapon 2 | . . . . . 1 . . 1 Piercing Weapon . | . . . . . . . . . Special Melee Weapon . | . . . . . . . . . Unidentified Prototypes 1 | . . . . . 1 . . . Parts Lost 12 | . . . . . . . . 12 Power 2 | . . . . . . . . 2 Propulsion 4 | . . . . . . . . 4 Utility 4 | . . . . . . . . 4 Weapon 2 | . . . . . . . . 2 Highest Loss Streak 9 | . . . . . . . . 9 To Critical Strikes . | . . . . . . . . . Average Slot Usage (%) 84 | . 88 100 100 100 64 71 79 61 Engine 7 | . 14 14 14 14 6 . . . Core 4 | . . . . . 2 10 13 8 Treads 13 | . 19 28 28 28 . . . . Leg 1 | . 8 . . . . . . . Flight 3 | . . . . . 9 7 6 5 Device 2 | . . . . . . 6 6 4 Storage 10 | . 14 14 14 14 7 7 6 4 Processor 12 | . 2 14 14 14 11 7 19 17 Hackware 2 | . . . . . 4 7 6 6 Protection 2 | . . . . . 4 7 6 3 Energy Gun 1 | . 11 . . . . . . . Ballistic Gun 8 | . 13 14 14 14 3 4 . . Ballistic Cannon 6 | . 2 14 14 14 7 . . . Launcher 1 | . . . . . . 2 6 3 Slashing Weapon 3 | . . . . . 7 7 6 6 Peak Build Rating 71 | 6 7 7 10 11 53 65 71 71 Average Rating 32 | 4 6 7 8 10 46 59 70 49 On Entrance 25 | . 6 7 7 10 11 53 65 71 Naked Turns . | . . . . . . . . . Heaviest Build 32 | 12 19 19 19 19 20 32 32 32 Greatest Support 50 | 40 40 40 40 40 50 50 50 50 Greatest Overweight (x) 3 | . . . . . . . . 3 Average Overweight (x) . | . . . . . . . . . Largest Inventory Capacity 10 | 8 10 10 10 10 10 8 8 8 Average Capacity 8 | 6 8 10 10 10 7 8 8 7 Most Carried 10 | 4 7 5 9 10 10 8 8 8 Average Carried 7 | 2 4 5 7 9 6 7 7 6 Final Capacity 10 | 8 10 10 10 10 8 8 8 5 Final Carried 10 | 4 5 5 9 10 8 8 8 4 Class Distribution -------------------- 100% | Mutant Dominant Class ---------------- Mutant | -10/Materials Mutant | -10/Mines Mutant | -10/Exiles Mutant | -9/Mines Mutant | -8/Materials Mutant | -7/Factory Mutant | -6/Factory Mutant | -6/Garrison Resources | -11 -10 -10 -10 -9 -8 -7 -6 -6 ----------- Run | Yrd Mat Min Exi Min Mat Fac Fac Gar Matter Collected 809 | 249 85 34 . 30 250 74 52 35 Remotely . | . . . . . . . . . Salvage Created 1269 | . 223 . . 22 393 74 341 216 Parts 95 | . 23 . . 5 22 5 21 19 Haulers Intercepted 2 | . 1 . . . . 1 . . Recyclers Shooed 1 | . 1 . . . . . . . Parts Field Recycled . | . . . . . . . . . Retrieved Matter . | . . . . . . . . . Parts Self-Destructed . | . . . . . . . . . Prevented . | . . . . . . . . . Kills | -11 -10 -10 -10 -9 -8 -7 -6 -6 ------- Run | Yrd Mat Min Exi Min Mat Fac Fac Gar Combat Hostiles Destroyed 29 | . 8 . . 3 8 . 4 6 Melee 15 | . . . . . 7 . 4 4 Guns 9 | . 8 . . . . . . 1 Cannons 4 | . . . . 3 1 . . . AOE 1 | . . . . . . . . 1 Classes Destroyed 10 | . 3 . . . 4 . 2 1 Hauler 2 | . 1 . . . . 1 . . Recycler 2 | . . . . . 1 . 1 . Operator 1 | . . . . . 1 . . . Watcher 2 | . . . . . 1 1 . . Swarmer 13 | . 6 . . 3 3 . . 1 Cutter 3 | . . . . . . . . 3 Grunt 6 | . 2 . . . 3 . . 1 Sentry 2 | . . . . . 2 . . . Hunter 3 | . . . . . . . 3 . Programmer 2 | . . . . . . . 1 1 Best Kill Streak 4 | . 3 . . 3 4 1 4 4 Combat Bots Only 4 | . 3 . . 3 3 . 3 4 Max Kills in Single Turn 1 | . 1 . . 1 1 1 1 1 Gunslinging . | . . . . . . . . . Exploded 1 | . . . . . . . . 1 Melee 1 | . . . . . 1 . 1 1 Uniques/NPCs Destroyed . | . . . . . . . . . Combat | -11 -10 -10 -10 -9 -8 -7 -6 -6 -------- Run | Yrd Mat Min Exi Min Mat Fac Fac Gar Hostile Shots Fired 451 | . 49 . . 9 50 36 41 266 Missed 182 | . 12 . . 1 24 15 13 117 Damage Taken 3238 | . 333 . . 61 319 163 480 1882 Core 991 | . 62 . . . 31 26 52 820 Absorbed by Shields 90 | . . . . . . . . 90 Redirected to Shielding 84 | . . . . . 84 . . . Core Remaining (%) 91 | 100 . . . 75 94 96 . . Volleys Fired 67 | . 31 . . 6 18 1 . 11 Largest 2 | . 2 . . 2 2 1 . 1 Hottest 60 | . 60 . . 55 55 39 . 55 Shots Fired 108 | . 62 . . 12 22 1 . 11 Gun 79 | . 59 . . 6 6 . . 8 Cannon 25 | . 3 . . 6 16 . . . Launcher 4 | . . . . . . 1 . 3 Special . | . . . . . . . . . Kinetic 75 | . 41 . . 12 22 . . . Thermal 21 | . 21 . . . . . . . Explosive . | . . . . . . . . . Electromagnetic 12 | . . . . . . 1 . 11 Robot Hit Streak 7 | . 7 . . 2 6 . . 4 Robot Miss Streak 6 | . 4 . . 2 4 5 . 6 Penetration Max . | . . . . . . . . . Secondary Targets 3 | . 3 . . . . . . . Max Gunslinging Chain 1 | . 1 . . . . . . . Shots Hit Robots 112 | . 37 . . 7 24 12 15 17 Core Hits 49 | . 15 . . 4 12 3 7 8 Critical Kills . | . . . . . . . . . Critical Parts Destroyed . | . . . . . . . . . Critical Strikes 11 | . . . . 2 2 4 1 2 Blast 3 | . . . . 2 1 . . . Sever 8 | . . . . . 1 4 1 2 Melee Attacks 61 | . . . . . 14 16 16 15 Impact . | . . . . . . . . . Slashing 61 | . . . . . 14 16 16 15 Piercing . | . . . . . . . . . Sneak Attacks 4 | . . . . . 1 1 1 1 Combat Hostiles 1 | . . . . . . . . 1 Follow-up Attacks . | . . . . . . . . . Damage Inflicted 3123 | . 373 . . 93 715 584 700 658 Guns 476 | . 336 . . 22 19 . . 99 Cannons 280 | . 37 . . 71 172 . . . Explosions 132 | . . . . . . 22 . 110 Melee 2230 | . . . . . 524 562 700 444 Ramming 5 | . . . . . . . . 5 Kinetic 515 | . 231 . . 93 191 . . . Thermal 142 | . 142 . . . . . . . Explosive . | . . . . . . . . . Electromagnetic 231 | . . . . . . 22 . 209 Impact . | . . . . . . . . . Slashing 2230 | . . . . . 524 562 700 444 Piercing . | . . . . . . . . . Highest Corruption 2 | . . . . . . . 1 2 Average Corruption 1 | . . . . . . . 1 1 Corruption Purged . | . . . . . . . . . Corruption Blocked . | . . . . . . . . . Effects 6 | . . . . . . . 1 5 Message Errors 1 | . . . . . . . . 1 Matter Fused 2 | . . . . . . . 1 1 Heat Flow Errors 1 | . . . . . . . . 1 Energy Discharges 1 | . . . . . . . . 1 Alerts 1 | . . . . . . . . 1 Overload Shots . | . . . . . . . . . Overflow Damage 151 | . . . . . 33 46 62 10 Projectiles . | . . . . . . . . . Explosions . | . . . . . . . . . Melee 151 | . . . . . 33 46 62 10 Knockbacks 1 | . . . . . 1 . . . Impact . | . . . . . . . . . Kinetic 1 | . . . . . 1 . . . Secondary . | . . . . . . . . . Self-Inflicted Damage 32 | . . . . . . 12 . 20 Shots 2 | . . . . . . 1 . 1 Rammed 2 | . . . . . . . . 2 Targets Rammed 2 | . . . . . . . . 2 Kicked . | . . . . . . . . . Crushed . | . . . . . . . . . Highest Temperature 377 | . 88 . . 28 377 . . 91 Average Temperature 46 | . 28 . . 13 90 . . 15 Received Heat Transfer 522 | . 66 . . . 108 48 . 300 Siege Activations . | . . . . . . . . . Robots Corrupted . | . . . . . . . . . Combat Hostiles . | . . . . . . . . . Parts Fried . | . . . . . . . . . Impact Corruptions . | . . . . . . . . . Robots Melted . | . . . . . . . . . Combat Hostiles . | . . . . . . . . . Parts Melted . | . . . . . . . . . Heat Transferred 325 | . 325 . . . . . . . Parts Sabotaged . | . . . . . . . . . Parts Stolen . | . . . . . . . . . Parts Stripped . | . . . . . . . . . Power Chain Reactions . | . . . . . . . . . Alert | -11 -10 -10 -10 -9 -8 -7 -6 -6 ------- Run | Yrd Mat Min Exi Min Mat Fac Fac Gar Peak Influence 456 | . 217 6 . 70 456 220 244 160 Initial 123 | . . 6 . . . 123 107 45 Average 103 | . 78 6 . 18 199 160 142 98 Maximum Alert Level 2 | . 1 . . . 2 1 1 . Low Security (%) 82 | 100 90 100 . 100 53 86 55 100 Level 1 14 | . 9 . . . 22 13 44 . Level 2 3 | . . . . . 23 . . . Level 3 . | . . . . . . . . . Level 4 . | . . . . . . . . . Level 5 . | . . . . . . . . . High Security . | . . . . . . . . . Max Security . | . . . . . . . . . Squads Dispatched 10 | . . . . . 4 1 5 . Investigation 5 | . . . . . 3 . 2 . Extermination 2 | . . . . . . . 2 . Reinforcement 3 | . . . . . 1 1 1 . Assault . | . . . . . . . . . Garrison . | . . . . . . . . . Intercept . | . . . . . . . . . Searches Triggered . | . . . . . . . . . Construction Impeded . | . . . . . . . . . Haulers Reinforced . | . . . . . . . . . Active Scanning Responses . | . . . . . . . . . Cargo Convoy Interrupts . | . . . . . . . . . Stealth | -11 -10 -10 -10 -9 -8 -7 -6 -6 --------- Run | Yrd Mat Min Exi Min Mat Fac Fac Gar Distress Signals 4 | . 2 . . . 1 . 1 . Communications Jammed . | . . . . . . . . . Distress Signals . | . . . . . . . . . Times Spotted 65 | . 11 . . 3 26 3 6 16 Peak Tracking Total 12 | . 4 . . 3 8 1 3 12 Tactical Retreats 4 | . . . . . 3 . . 1 Traps | -11 -10 -10 -10 -9 -8 -7 -6 -6 ------- Run | Yrd Mat Min Exi Min Mat Fac Fac Gar Traps Triggered 5 | . . . . . 1 1 . 3 Indirectly . | . . . . . . . . . Trap Hack Attempts . | . . . . . . . . . Triggered . | . . . . . . . . . Disarmed . | . . . . . . . . . Reprogrammed . | . . . . . . . . . Reused . | . . . . . . . . . Traps Extracted . | . . . . . . . . . Installed . | . . . . . . . . . Triggered . | . . . . . . . . . Machines | -11 -10 -10 -10 -9 -8 -7 -6 -6 ---------- Run | Yrd Mat Min Exi Min Mat Fac Fac Gar Machines Disabled 2 | . . . . . . . . 2 Max in Single Turn 1 | . . . . . . . . 1 Garrison Relay 1 | . . . . . . . . 1 Machines Repaired . | . . . . . . . . . Machines Dismantled . | . . . . . . . . . Machines Sabotaged 1 | . . . . . 1 . . . Overloaded Fab Kills . | . . . . . . . . . Hacking | -11 -10 -10 -10 -9 -8 -7 -6 -6 --------- Run | Yrd Mat Min Exi Min Mat Fac Fac Gar Machines Accessed 27 | . 3 . 5 . 5 11 3 . Terminals 14 | . 3 . . . 3 8 . . Fabricators 3 | . . . . . . 1 2 . Repair Stations . | . . . . . . . . . Recycling Units 1 | . . . . . . 1 . . Scanalyzers 2 | . . . . . 1 1 . . Garrison Access 2 | . . . . . 1 . 1 . Total Hacks 107 | . 9 . 50 . 10 30 8 . Successful 77 | . 4 . 50 . 5 15 3 . Failed 30 | . 5 . . . 5 15 5 . Catastrophic 7 | . . . . . . 5 2 . Database Lockouts . | . . . . . . . . . Manual 35 | . 9 . 1 . 7 14 4 . Terminals 38 | . 9 . . . 6 23 . . Fabricators 6 | . . . . . . 1 5 . Repair Stations . | . . . . . . . . . Recycling Units 2 | . . . . . . 2 . . Scanalyzers 6 | . . . . . 2 4 . . Garrison Access 5 | . . . . . 2 . 3 . Terminal Hacks 58 | . 2 . 50 . . 6 . . Record 51 | . . . 49 . . 2 . . Robot Analysis 2 | . . . . . . 2 . . Prototype ID Bank 1 | . 1 . . . . . . . Security Status 1 | . . . . . . 1 . . Zone Layout 2 | . 1 . . . . 1 . . Derelict Proto ID Bank 1 | . . . 1 . . . . . Fabricator Hacks 2 | . . . . . . 1 1 . Network Status 1 | . . . . . . . 1 . Build 1 | . . . . . . 1 . . Repair Station Hacks . | . . . . . . . . . Recycling Unit Hacks . | . . . . . . . . . Scanalyzer 6 | . . . . . 2 4 . . Insert Component 3 | . . . . . 1 2 . . Analyze 3 | . . . . . 1 2 . . Garrison Access Hacks 1 | . . . . . . . 1 . Unlock Access 1 | . . . . . . . 1 . Unauthorized Hacks 10 | . 2 . . . 3 4 1 . Terminals 8 | . 2 . . . 3 3 . . Track 1 | . . . . . . 1 . . Botnet 6 | . 2 . . . 2 2 . . Sabotage 1 | . . . . . 1 . . . Fabricators 1 | . . . . . . . 1 . Fabnet 1 | . . . . . . . 1 . Repair Stations . | . . . . . . . . . Recycling Units 1 | . . . . . . 1 . . Monitor 1 | . . . . . . 1 . . Scanalyzers . | . . . . . . . . . Garrison Access . | . . . . . . . . . Data Cores Recovered . | . . . . . . . . . Used . | . . . . . . . . . Hacking Detections 18 | . 2 . . . 3 10 3 . Full Trace Events 4 | . 1 . . . 1 . 2 . Feedback Events . | . . . . . . . . . Feedback Blocked . | . . . . . . . . . Robot Schematics Acquired . | . . . . . . . . . Robots Built 3 | . . . . . . 3 . . Authchips . | . . . . . . . . . Time 134 | . . . . . . 134 . . Total Robot Build Rating 12 | . . . . . . 12 . . Part Schematics Acquired 3 | . . . . . 1 2 . . Parts Built . | . . . . . . . . . Authchips . | . . . . . . . . . Time . | . . . . . . . . . Total Part Build Rating . | . . . . . . . . . Parts Repaired . | . . . . . . . . . Time . | . . . . . . . . . Parts Recycled . | . . . . . . . . . Recycled Matter . | . . . . . . . . . Retrieved Matter . | . . . . . . . . . Retrieved Components . | . . . . . . . . . Parts Scanalyzed 3 | . . . . . 1 2 . . Part Schematics Acquired 3 | . . . . . 1 2 . . Parts Damaged . | . . . . . . . . . Bothacking | -11 -10 -10 -10 -9 -8 -7 -6 -6 ------------ Run | Yrd Mat Min Exi Min Mat Fac Fac Gar Used RIF Installer 1 | . . . . . . . . 1 Robots Hacked . | . . . . . . . . . Non-combat . | . . . . . . . . . Combat . | . . . . . . . . . Robot Hacks Applied . | . . . . . . . . . Relay Couplers Released 5 | . . . . . . . . 5 Machine Destruction 5 | . . . . . . . . 5 Fabnet Peak Effective % . | . . . . . . . . . Robots Rewired . | . . . . . . . . . Allies Hacked . | . . . . . . . . . Hacks Repelled . | . . . . . . . . . Allies | -11 -10 -10 -10 -9 -8 -7 -6 -6 -------- Run | Yrd Mat Min Exi Min Mat Fac Fac Gar Total Allies 4 | . . 1 . . . 3 . . Largest Group 3 | . . 1 1 . . 3 2 . Highest-Rated Group 90 | . . 31 31 . . 90 60 . Highest-Rated Ally 31 | . . 31 31 . . 30 30 . Total Orders . | . . . . . . . . . Ally Attacks 3 | . . . . . . 3 . . Total Damage 134 | . . . . . . 134 . . Kills 1 | . . . . . . 1 . . Allies Corrupted 2 | . . . . . . . 2 . Allies Melted . | . . . . . . . . . Intel | -11 -10 -10 -10 -9 -8 -7 -6 -6 ------- Run | Yrd Mat Min Exi Min Mat Fac Fac Gar Robot Analysis Total 2 | . . . . . . 2 . . Derelict Logs Recovered 1 | . . . . 1 . . . . Drone Launches . | . . . . . . . . . Drone Recoveries . | . . . . . . . . . Exploration | -11 -10 -10 -10 -9 -8 -7 -6 -6 ------------- Run | Yrd Mat Min Exi Min Mat Fac Fac Gar Turns Passed 3783 | 93 488 89 617 703 405 540 574 274 Spaces Moved 2509 | 52 256 53 386 138 432 634 295 263 Core 72 | 2 . . . . . . . 70 Treads 802 | 50 175 53 386 138 . . . . Legs 81 | . 81 . . . . . . . Wheels . | . . . . . . . . . Hover . | . . . . . . . . . Flight 1554 | . . . . . 432 634 295 193 Fastest Speed 32 | 50 120 160 160 160 50 50 50 32 Average Speed 87 | 155 147 160 160 160 50 50 50 49 Slowest Speed 200 | 160 160 160 160 160 50 50 50 200 Overloaded Moves . | . . . . . . . . . Propulsion Burnouts . | . . . . . . . . . Robots Hopped 1 | . . . . . 1 . . . Cave-ins Triggered . | . . . . . . . . . Exploration Rate (%) 28 | 5 37 16 89 15 38 19 9 29 Regions Visited 8 Branch Regions 3 Pre-discovered Areas 1 | . . . 1 . . . . . Known Exits Taken 2 | . . . . . 1 . 1 . Unknown Exits Taken 6 | 1 1 1 1 1 . 1 . . Scrap Searched 1 | . . 1 . . . . . . Spaces Dug . | . . . . . . . . . Terrain Destroyed . | . . . . . . . . . Melee . | . . . . . . . . . Projectile . | . . . . . . . . . AOE . | . . . . . . . . . Terrain Rammed . | . . . . . . . . . Walls Destroyed . | . . . . . . . . . Machines Disabled . | . . . . . . . . . Actions | -11 -10 -10 -10 -9 -8 -7 -6 -6 --------- Run | Yrd Mat Min Exi Min Mat Fac Fac Gar Total 3889 | 62 310 57 386 610 577 827 692 368 Wait 1147 | . . 5 . 464 80 161 377 60 Move 2499 | 51 255 52 385 137 429 633 295 262 Hop 1 | . . . . . 1 . . . Pick Up 25 | 5 4 . 1 1 9 4 1 . Fast Attach 20 | 5 2 . . . 6 3 2 2 Attach 8 | 1 . . . . 2 1 . 4 Detach . | . . . . . . . . . Swap 20 | . 11 . . 1 4 3 . 1 Drop 30 | . 7 . . 1 14 5 1 2 Fire 67 | . 31 . . 6 18 1 . 11 Melee 61 | . . . . . 14 16 16 15 Ram 2 | . . . . . . . . 2 Kick . | . . . . . . . . . Crush . | . . . . . . . . . Escape Stasis 9 | . . . . . . . . 9 Rewire . | . . . . . . . . . Trap . | . . . . . . . . . Miscellaneous . | . . . . . . . . . Route ------- -11/Scrapyard -10/Materials -10/Mines (discovered 2 exits: [*Mat] / *Exi) -10/Exiles -9/Mines -8/Materials (discovered 4 exits: *Fac x3 / Sto) -7/Factory -6/Factory -6/Garrison (discovered 1 exit: [*Fac]) History --------- Turn | Location | Event 6 | -11/Scrapyard | Discovered new exit (range 15) 94 | -11/Scrapyard | Entered Materials 250 | -10/Materials | Discovered new exit (range 13) 314 | -10/Materials | Build established: Mutant 582 | -10/Materials | Entered Mines 582 | -10/Mines | Discovered new exit (range 9) 585 | -10/Mines | Received a Mining Laser from a helpful Derelict 658 | -10/Mines | Deemed a non-threat by the Exiles lab entrance 658 | -10/Mines | Discovered new exit (range 5) 671 | -10/Mines | Entered Exiles 671 | -10/Exiles | Accompanied by 1 ally 710 | -10/Exiles | Met 8R-AWN 737 | -10/Exiles | Met EX-HEX 783 | -10/Exiles | Met EX-BIN 803 | -10/Exiles | Aligned with FarCom system 804 | -10/Exiles | Given EX-Vault access code 870 | -10/Exiles | Opened EX-Vault 879 | -10/Exiles | Found Flying Fortress v7 914 | -10/Exiles | Warned to stay clear of 0b10 Research branches 960 | -10/Exiles | Met EX-DEC 968 | -10/Exiles | Learned location of Zion (-6) 1037 | -10/Exiles | Visited The Gauntlet 1276 | -10/Exiles | Discovered new exit (range 10) 1288 | -10/Exiles | Left Exiles lab with Flying Fortress v7 1288 | -10/Exiles | Entered Mines 1424 | -9/Mines | Found a damaged Exp. Sensor Array with a note attached 1427 | -9/Mines | Found Prototype Device 1517 | -9/Mines | Learned 4 Materials zone layouts 1517 | -9/Mines | Discovered new exit (range 6) 1991 | -9/Mines | Entered Materials 1991 | -8/Materials | Evolved 4 slots: Propulsion x2, Utility x2 1992 | -8/Materials | Identified exit to Factory 1992 | -8/Materials | Identified exit to Storage 1995 | -8/Materials | Identified Exp. Sensor Array 2377 | -8/Materials | Discovered exit to Factory (range 16) 2396 | -8/Materials | Entered Factory 2396 | -7/Factory | Evolved 2 slots: Power x1, Utility x1 2619 | -7/Factory | Fabricated L-41 Fighter (x3) 2893 | -7/Factory | Discovered new exit (range 14) 2936 | -7/Factory | Entered another Factory area 2936 | -6/Factory | Accompanied by 2 allies 2936 | -6/Factory | Evolved 2 slots: Utility x2 3510 | -6/Factory | Identified exit to Garrison 3510 | -6/Factory | Entered Garrison 3594 | -6/Garrison | Triggered checkpoint 3614 | -6/Garrison | Garrison Relay disabled 3657 | -6/Garrison | Triggered checkpoint 3689 | -6/Garrison | Core integrity fell below 50% 3725 | -6/Garrison | Lost 9 parts (2p2n4u1w) 3748 | -6/Garrison | Discovered new exit (range 10) 3753 | -6/Garrison | Attempted to access garrison exit controls, blocked by remote lockdown 3760 | -6/Garrison | Lost 3 parts (2n1w) 3767 | -6/Garrison | Installed Relay Interface Framework 3774 | -6/Garrison | Core integrity fell below 20% 3784 | -6/Garrison | Destroyed by L-41 Fighter with Axe Last Messages --------------- 03712_ Field strength at 90. 03725_ S-27 Virus destroyed. 03726_ G-50 Soldier destroyed. 03727_ Surge Thruster destroyed. 03729_ Stasis field depleted. 03729_ Lightning Gun destroyed. 03729_ Cesium-ion Thruster destroyed. 03738_ Dropped Lgt. Nuclear Core. 03748_ EXIT=FOUND 03750_ System corrupted: Energy discharge (-30). 03753_ Attempting to access garrison exit controls... 03753_ Remote lockdown engaged. Initiating installation procedure... 03767_ Relay Interface Framework installed. 03774_ System corrupted: Heat flow error (+128). 03777_ Critical hit (Burn: +37). 03777_ L-41 Fighter Imp. Deuterium Engine severed. 03782_ Katana severed. 03782_ Slammed into L-41 Fighter. 03783_ Slammed into S-27 Virus. Map ----- +----------------------------------------------------+ | ????????????????????????????????????????????????? | | ????????????????????????????????????????????????? | | ????????????????????????????????????????????????? | | ????????????????????????????????????????????????? | | ????????????????????????????????????????????????? | | ????????????????????????????????????????????????? | | ????????????????????????????????????????????????? | | ????????????????????????????????????????????????? | | ????????????????????????????????????????????????? | | ????????????????????????????????????????????????? | | ????????????????????????????????????????????????? | | ????????????????????????????????????????????????? | | ????????????????????????????????????????????????? | | ????????????????????????????????????????????????? | | ????????????????????????????????????????????????? | | ????????????????????????????????????????????????? | | ??????????????????????#####?????????????????????? | | ??????????????????????#"""#?????????????????????? | | ??????????????????????#" "#?????????????????????? | | ??????????????????????#" "#?????????????????????? | | ??????????????????????#" "#?????????????????????? | | ??????????????????????# ^ #?????????????????????? | | ??????????????????????## ##?????????????????????? | | ???????????????????????# #??????????????????????? | | ???????????????????????#l#??????????????????????? | | ???????????????????????#@#??????????????????????? | | ???????????????????????#s###"""##### #????????? | | ???????????????????????#gss ????????? | | ???????????????????????# s ????????? | | ???????????????????????# ###########???????????? | | ????????#####??????????#Y #?????????????????????? | | ????????# #??????????# #?????????????????????? | | ????????# < ############Yg#####################?? | | ????????# #?? | | ????????# #?? | | ????????# * #?? | | ????????#################+################# ^#?? | | ????????????????????????? ????????????????# #?? | | ????????????????????????? ????????????????# #?? | | ????????????????????????? ????????????????# #?? | | ??????????????????????????????????????????# #?? | | ??????????????????????????????????????????# #?? | | ??????????????????????????????????????????# ##" | | ??????????????????????????????????????????# | | ??????????????????????????????????????????# | | ??????????????????????????????????????????# | | ??????????????????????????????????????????#=%[## | | ????????????????????????????????????????### ## | | ????????????????????????????????????????# %[ | | ????????????????????????????????????????# * | +----------------------------------------------------+ Best States ------------- Heat Dissipation 56 Energy Generation 25 Energy Capacity 250 Matter Stores 300 Matter Capacity 300 Sight Range 16 Terrain Scan Density 210 Armor Coverage 150 Propulsion Shielding 66 Evasion (%) 63 Melee Accuracy 15 Recoil Reduction 2 Offensive Hacking 10 Item Schematics ----------------- Imp. Light Armor Plating | -8/Materials | Scanalyzed Cesium-ion Thruster | -7/Factory | Scanalyzed Katana | -7/Factory | Scanalyzed Robot Schematics ------------------ None Fabricated ------------ L-41 Fighter | x3 | -7/Factory | Preloaded Alien Tech Used ----------------- None Achievements -------------- None Challenges ------------ None Game ------ Seed DeuteriumGrapheneEdition Manual? 0 Play Time 00:38:49 Cumulative 36.1 hours Start 2024.10.13 @ 19:47:55 End 2024.10.13 @ 20:31:33 Sessions 1 Manual Loads 0 Difficulty Rogue Special Mode None Game No. 141 Rogue 141 Adventurer 0 Explorer 0 Win Type - Total 0 Types 0/0/0/0/0/0/0/0/0 Lore% 45 Gallery% 32 Achievement% 34 Wizard Run 0 Options --------- Layout 0 ASCII 0 Keyboard 0 Movement Arrows Keybinds 0 Fullscreen 1 Font 24/Terminus Map View 64x52 Zoom Use 0% Tactical HUD 1 Map Filters NONE Filters NONE Steam 1 RUN: 7d8bc2f8-be68-40b0-af6f-e1643cd3becf